 Dungeon Crawl Stone Soup version 0.32-a0-913-g739538afd8 (webtiles) character file.

Game seed: 9493920455642789425

402 Shalupon the Trooper (level 6, -5/56 HPs)
             Began as a Ghoul Monk on Apr 8, 2024.
             Slain by a lemure (7 damage)
             ... led by Pikel
             ... on level 5 of the Dungeon.
             The game lasted 00:11:20 (2993 turns).

Shalupon the Trooper (Ghoul Monk)                   Turns: 2993, Time: 00:11:21

Health: -5/56      AC:  8    Str: 23    XL:     6   Next: 85%
Magic:  6/6        EV: 12    Int:  9    God:
Gold:   104        SH:  0    Dex: 15    Spells: 5/5 levels left

rFire   . .          .
                       - Unarmed
rCold   + . .        c - orb {light}
rNeg    + + +        q - +2 leather armour of Cocytus {-Tele rElec rPois Dex+4}
rPois   ∞            (no helmet)
rElec   +            f - +2 cloak
rCorr   .            (no gloves)
SInv    .            (no boots)
Will    .....        (no amulet)
Stlth   +            d - ring of flight
HPRegen 0.00/turn    h - +6 ring of strength
MPRegen 0.10/turn

%: no teleportation
@: flying, inhibited regen, glowing
A: claws 1, cold resistance 1, negative energy resistance 3, inhibited
regeneration, torment resistance 2, devour on kill
a: no special abilities


You were on level 5 of the Dungeon.
You visited 1 branch of the dungeon, and saw 5 of its levels.

You collected 104 gold pieces.

Inventory:

Armour
 a - a +0 robe
 c - an orb of light (worn)
 f - a +2 cloak (worn)
 g - a +0 ring mail
 o - a +0 ring mail
 q - the +2 leather armour of Cocytus (worn) {-Tele rElec rPois Dex+4}
   (You found it on level 4 of the Dungeon)

   Dex+4:     It affects your dexterity (+4).
   rElec:     It insulates you from electricity.
   rPois:     It protects you from poison.
   -Tele:     It prevents most forms of teleportation.
Jewellery
 d - a ring of flight (left claw)
 h - a +6 ring of strength (right claw)
Wands
 j - a wand of flame (14)
 p - a wand of polymorph (8)
Scrolls
 e - 3 scrolls of identify
 k - a scroll of blinking {unknown}
 m - a scroll of noise
 n - a scroll of vulnerability {unknown}
Potions
 b - a potion of curing {unknown}
 l - a potion of enlightenment {unknown}


   Skills:
 + Level 5.4 Fighting
 + Level 4.4 Dodging
 + Level 5.4 Unarmed Combat


You had 5 spell levels left.
You didn't know any spells.
Your spell library contained the following spells:

 Spells                   Type           Power      Damage    Failure   Level
 Dispersal                Tloc           0%         N/A       100%        6
 Gell's Gavotte           Tloc           0%         2d(11-16) 100%        6
 Manifold Assault         Tloc           0%         N/A       100%        7
 Disjunction              Tloc           0%         N/A       100%        8


Dungeon Overview and Level Annotations

Branches:
Dungeon (5/15)
 Temple: D:4-7

Altars:
Kikubaaqudgha
Qazlal
Uskayaw

Shops:
D:1 =

Annotations:
D:5 Pikel


Innate Abilities, Weirdness & Mutations

You are immune to poison.
You have sharp fingernails.
Your flesh is cold resistant. (rC+)
You are immune to negative energy. (rN+++)
You do not regenerate when monsters are visible.
You are immune to unholy pain and torment.
You thrive by killing the living.


Message History

Pikel is heavily wounded.
Pikel hits you with a +0 whip of freezing!
The lemure hits you. The lemure closely misses you. The lemure hits you.
The lemure hits you but does no damage.
You barely miss Pikel.
Pikel is heavily wounded.
The lemure closely misses you.
Pikel hits you with a +0 whip of freezing.
The lemure barely misses you. The lemure hits you.
* * * LOW HITPOINT WARNING * * *
The lemure closely misses you.
You claw Pikel!
Pikel is severely wounded.
Pikel barely misses you. The lemure barely misses you.
The lemure hits you but does no damage. The lemure closely misses you.
You feel much better. The lemure hits you but does no damage.
Pikel hits you with a +0 whip of freezing.
The lemure hits you! The lemure misses you.
The lemure hits you but does no damage.
You barely miss Pikel.
Pikel is severely wounded.
The lemure misses you. Pikel barely misses you.
The lemure closely misses you. x2
The lemure barely misses you.
You scratch Pikel but do no damage.
Pikel is severely wounded.
The lemure hits you.
* * * LOW HITPOINT WARNING * * *
Pikel hits you with a +0 whip of freezing.
* * * LOW HITPOINT WARNING * * *
The lemure hits you but does no damage. The lemure barely misses you.
The lemure attacks as it pursues you! The lemure hits you.
* * * LOW HITPOINT WARNING * * *
The lemure attacks as it pursues you! The lemure misses you.
The lemure attacks as it pursues you! The lemure closely misses you.
The lemure hits you.
* * * LOW HITPOINT WARNING * * *
The lemure hits you.
* * * LOW HITPOINT WARNING * * *
The lemure attacks as it pursues you! The lemure hits you!
You die...

##.......##..........#
#...#####............#
..# ...#..5...........
. ####5#####..##...
#.# ##.# .. ## ##K# .#
. .. #.5# .# #.#5## .#
#.#@# #.#.# #.#.#
#.#.# ..#.# ##.#..
#.... ...


You could see Pikel and 4 lemures.

Vanquished Creatures
  A bombardier beetle (D:4)
  A jelly (D:4)
  An orc priest (D:3)
  2 sleepcaps (D:4)
  Ijyb (D:4)
  An orc wizard (D:4)
  3 gnolls (D:3)
  6 adders
  4 dart slugs
  A ribbon worm (D:2)
  17 orcs
  4 endoplasms
  3 giant cockroaches
  5 goblins
  6 hobgoblins
  7 jackals (D:1)
  5 quokkas
  9 ball pythons
  7 bats
  3 frilled lizards
  4 kobolds
  6 rats
97 creatures vanquished.

Notes
Turn   | Place    | Note
-------+----------+-------------------------------------------
     0 | D:1      | Shalupon the Ghoul Monk began the quest for the Orb.
     0 | D:1      | Reached XP level 1. HP: 19/19 MP: 1/1
    57 | D:1      | Reached XP level 2. HP: 21/26 MP: 2/2
   104 | D:1      | Found Tolywy's Jewellery Shoppe.
   217 | D:1      | Reached XP level 3. HP: 24/33 MP: 3/3
   269 | D:1      | You are sucked into a shaft and drop 1 floor!
   597 | D:2      | Reached XP level 4. HP: 40/40 MP: 4/4
  1232 | D:3      | Reached XP level 5. HP: 37/47 MP: 5/5
  1330 | D:3      | Found a stormy altar of Qazlal.
  2056 | D:4      | Reached XP level 6. HP: 55/55 MP: 6/6
  2084 | D:4      | Noticed Ijyb
  2104 | D:4      | Killed Ijyb
  2105 | D:4      | Reached skill level 5 in Fighting
  2105 | D:4      | Reached skill level 5 in Unarmed Combat
  2184 | D:4      | Identified the +2 leather armour of Cocytus {-Tele rElec
                  | rPois Dex+4}
  2237 | D:4      | Found an ancient bone altar of Kikubaaqudgha.
  2590 | D:4      | Found a hide-covered altar of Uskayaw.
  2952 | D:5      | Entered Level 5 of the Dungeon
  2958 | D:5      | Noticed Pikel
  2992 | D:5      | HP: 2/56 [lemure[Pikel] (6)]
  2993 | D:5      | Slain by a lemure

Illustrated notes

Levels and vault maps discovered:
D:1:      saegor_arrival_simple_c, layout_rooms, serial_shops, shop,
          nicolae_shop_temple_entry_statues_fountains, shop,
          nicolae_book_shop_shelving
D:2:      layout_basic, grunt_ministairs_7
D:3:      layout_rooms, nicolae_qazlal_eye_of_the_storm, elyvilon_altar_3
D:4:      layout_cave_pods, kennysheep_little_box, old_standard_altar, uniq_ijyb
D:5:      layout_rooms, minmay_temple_entry_trees, serial_co_window_serial,
          co_window_paths_a, co_window_corner_a, co_window_corner_a,
          co_window_paths_a, co_window_paths_a, co_window_paths_b,
          co_window_of_opportunity_a, co_window_of_opportunity_b,
          co_window_cross_4, co_window_2corner, glass_columns_a,
          glass_columns_b, glass_columns_a, st_stairs_6, nicolae_half_adder,
          uniq_pikel

Skill      XL: |  1  2  3  4  5  6 |
---------------+-------------------+-----
Dodging        | 3 4 |  4.4
Fighting       | 4 5 |  5.4
Unarmed Combat | 4 5 |  5.4

Action                     |  1- 3 |  4- 6 || total
---------------------------+-------+-------++-------
  Melee: Unarmed           |    96 |   202 ||   298
    Use: Potion            |     1 |     5 ||     6
         Scroll            |       |     3 ||     3
 Armour: Robe              |    58 |       ||    58
         Ring mail         |    22 |   132 ||   154
         Leather armour    |       |    70 ||    70
  Dodge: Dodged            |   107 |   169 ||   276

Table legend: (Time is in decaauts)
 A = Elapsed time spent in this place.
 B = Non-inter-level travel time spent in this place.
 C = Inter-level travel time spent in this place.
 D = Time resting spent in this place.
 E = Time spent auto-exploring this place.
 F = Levels seen in this place.
 G = Mean time per level.
                   A        B        C        D        E       F      G
               +--------+--------+--------+--------+--------+-----+--------+
         Total |   2937 |   2743 |    194 |    199 |   1491 |   5 |  587.4 |
       Dungeon |   2937 |   2743 |    194 |    199 |   1491 |   5 |  587.4 |
               +--------+--------+--------+--------+--------+-----+--------+

Top non-repeatable levels by time:
     D:4: 1004 daAuts
     D:2: 883 daAuts
     D:3: 745 daAuts
     D:1: 264 daAuts
     D:5: 39 daAuts
